 Dungeon Crawl Stone Soup version 0.23.1 (webtiles) character file.

Game seed: 5542183154077755825

16 poirepourri the Shield-Bearer (level 2, -2/19 HPs)
             Began as a Gargoyle Fighter on Mar 3, 2019.
             Slain by Natasha (6 damage)
             ... on level 1 of the Dungeon.
             The game lasted 00:00:41 (733 turns).

poirepourri the Shield-Bearer (Gargoyle Fighter)     Turns: 733, Time: 00:00:42

Health: -2/19      AC:  9    Str: 19    XL:     2   Next: 54%
Magic:  2/2        EV:  9    Int:  8    God:
Gold:   66         SH:  9    Dex:  9    Spells: 1/1 levels left

rFire    . . .     SeeInvis .   a - +1 flail
rCold    . . .     Gourm    .   c - +0 shield
rNeg     + . .     Faith    .   b - +0 scale mail
rPois    ∞         Spirit   .   (helmet restricted)
rElec    +         Reflect  .   (no cloak)
rCorr    .         Harm     .   (no gloves)
MR       .....                  (no boots)
Stlth    ..........             (no amulet)
HPRegen  0.06/turn              (no ring)
MPRegen  0.08/turn              (no ring)

@: flying
A: antennae 1, repulsion field 1, negative energy resistance 1, screaming 1,
electricity resistance, unbreathing, petrification resistance, rot immunity, AC
+2
a: no special abilities


You were on level 1 of the Dungeon.
You were not hungry.

You visited 1 branch of the dungeon, and saw 2 of its levels.

You collected 66 gold pieces.

Inventory:

Hand Weapons
 a - a +1 flail (weapon)
Missiles
 e - 24 bolts
Armour
 b - a +0 scale mail (worn)
 c - a +0 shield (worn)
Jewellery
 n - a +3 amulet of reflection {unknown}
Scrolls
 h - a scroll of fear {unknown}
 i - a scroll of blinking {unknown}
 j - a scroll of amnesia {unknown}
 m - a scroll of remove curse {unknown}
Potions
 d - a potion of might
Comestibles
 f - 3 rations


   Skills:
 - Level 3.2 Fighting
 + Level 3.1 Maces & Flails
 - Level 3.2 Armour
 - Level 3.2 Shields


You had one spell level left.
You didn't know any spells.
Your spell library was empty.

Dungeon Overview and Level Annotations

Branches:
Dungeon (2/15)

Altars:
Yredelemnul

Annotations:
D:1 Natasha


Innate Abilities, Weirdness & Mutations

You are resistant to torment.
Your stone body is resilient. (AC +2)
You are immune to poison.
You resist negative energy. (rN+)
You are resistant to electric shocks. (rElec)
You can survive without breathing.
You are immune to petrification.
You are immune to rotting.
You have a pair of small antennae on your head.
You are surrounded by a mild repulsion field. (EV +2)
You occasionally shout uncontrollably at your foes.


Message History

You block the leopard gecko's attack. The rat barely misses you.
Natasha claws you.
* * * LOW HITPOINT WARNING * * *
You block the leopard gecko's attack.
It was a potion of flight.
You feel very buoyant.
You fly up into the air.
You block the rat's attack. Natasha claws you but does no damage.
The leopard gecko bites you but does no damage.
You hit Natasha.
Natasha is heavily wounded.
The leopard gecko bites you but does no damage.
The rat closely misses you. Natasha barely misses you.
You block the leopard gecko's attack. The rat closely misses you.
You hit Natasha but do no damage.
Natasha is heavily wounded.
Natasha casts a spell.
You block the leopard gecko's attack. The rat bites you but does no damage.
Natasha claws you.
You die...

### #.##### ###########
.....†############ #..........
#.###..........rl######.########.
#.# ############@#......# #. #.#
#h#.###### #. #.# ###.#.#######
#. #.# #.5..#...)..### #. #.#
##>#.#.........###### #.#
#....##.............. #.#
#..#.##..÷.....#####. #.#
###..#.......#.### #. #.#
#........##.##.# #.


You could see Natasha, a white imp, a leopard gecko and a rat.

Vanquished Creatures
  A bat (D:1)
  5 goblins (D:1)
  A hobgoblin (D:1)
  2 frilled lizards (D:1)
  A kobold (D:1)
  6 rats (D:1)
16 creatures vanquished.

Notes
Turn   | Place    | Note
-------+----------+-------------------------------------------
     0 | D:1      | poirepourri the Gargoyle Fighter began the quest for the
                  | Orb.
     0 | D:1      | Reached XP level 1. HP: 14/14 MP: 1/1
   151 | D:1      | Reached XP level 2. HP: 19/19 MP: 2/2
   718 | D:2      | Found a basalt altar of Yredelemnul.
   718 | D:2      | Noticed Natasha
   730 | D:1      | Gained mutation: You have a pair of small antennae on your
                  | head. [potion of mutation]
   730 | D:1      | Gained mutation: You occasionally shout uncontrollably at
                  | your foes. [potion of mutation]
   730 | D:1      | Gained mutation: You are surrounded by a mild repulsion
                  | field. (EV +2) [potion of mutation]
   733 | D:1      | Slain by Natasha

Skill      XL: |  1  2 |
---------------+-------+-----
Maces & Flails | 3 |  3.1
Fighting       | |  3.2
Armour         | |  3.2
Shields        | |  3.2

Action                   || total
-------------------------++-------
Melee: Flail             ||    49
  Use: Potion            ||     2
       Scroll            ||     1
Armor: Scale mail        ||    38
Dodge: Dodged            ||    36
Block: Shield            ||    28
